[Event "Titled Tuesday Blitz November 14 Late 2023"]
[White "Szpar, Milosz"]
[Black "Rohan, Ahuja"]
[WhiteFideId "1184989"]
[BlackFideId "5090598"]
[WhiteElo "2866"]
[BlackElo "2714"]
[Result "1-0"]
[Round "10"]
[TimeControl "180+1"]
[Date "2023.11.14"]
[WhiteClock "0:00:58"]
[BlackClock "0:00:06"]
[Board "11"]

1. Nf3 Nf6 2. c4 g6 3. b3 Bg7 4. Bb2 O-O 5. g3 d5 6. cxd5 Nxd5 7. Bxg7 Kxg7 8. Bg2 Nc6 9. O-O Qd6 10. Qc1 Qf6 11. Na3 Rd8 12. Nc4 e5 13. d3 Nd4 14. Re1 Nxf3+ 15. exf3 Nb4 16. Nxe5 c6 17. Qd2 a5 18. a3 Nd5 19. f4 Bf5 20. h4 h5 21. b4 axb4 22. axb4 Nc7 23. Rxa8 Rxa8 24. Qc3 Ne6 25. b5 cxb5 26. Rb1 Rd8 27. Rxb5 Nd4 28. Rb2 b5 29. Kh2 Kg8 30. Rb4 Qd6 31. Qb2 Kg7 32. Nf3 Qxb4 33. Qxb4 1-0


[Site "https://www.chess.com"]

[Event "Titled Tuesday Blitz November 14 Late 2023"]
[White "Mikaelyan, Arman"]
[Black "Sydoryka, Vladyslav"]
[WhiteFideId "13304852"]
[BlackFideId "14145928"]
[WhiteElo "2834"]
[BlackElo "2703"]
[Result "1/2-1/2"]
[Round "10"]
[TimeControl "180+1"]
[Date "2023.11.14"]
[WhiteClock "0:00:06"]
[BlackClock "0:00:06"]
[Board "12"]

1. Nf3 d5 2. d4 Nf6 3. c4 e6 4. Nc3 Bb4 5. Bg5 dxc4 6. e4 c5 7. Bxc4 cxd4 8. Nxd4 Bxc3+ 9. bxc3 Qa5 10. Bd2 Nxe4 11. Qg4 Nxd2 12. Qxg7 Rf8 13. Kxd2 Nc6 14. Bb5 Bd7 15. Bxc6 bxc6 16. Rhb1 Ke7 17. Rb7 Qd5 18. c4 Qc5 19. Qe5 Qxe5 20. Nxc6+ Kf6 21. Nxe5 Bc8 22. Rb5 a6 23. Ra5 Rd8+ 24. Ke3 Bb7 25. f3 Rac8 26. Rb1 Rc7 27. g4 h6 28. h4 Kg7 29. g5 hxg5 30. hxg5 Rh8 31. c5 Bd5 32. c6 Rh2 33. Rc5 Rxa2 34. Rb8 Ra3+ 35. Kf4 Ra4+ 36. Kg3 Ra3 37. Rc1 Rb3 38. Rxb3 Bxb3 39. Kf4 a5 40. Rc5 a4 41. Ra5 f6 42. gxf6+ Kxf6 43. Nd7+ Ke7 44. Nb8 Kd6 45. Ke3 Rc8 46. Na6 Rxc6 47. Nb4 Rc4 48. Nd3 Rc8 49. Ra6+ Kd5 50. Nf4+ Ke5 51. Nd3+ Kd5 52. Nf4+ Kc5 53. Nxe6+ Kb5 54. Rd6 Re8 55. Kd4 Bxe6 56. Kc3 Bb3 57. Rf6 Re3+ 58. Kb2 Re2+ 59. Kc3 Rc2+ 60. Kd3 a3 61. Rf8 Rc6 62. Rb8+ Rb6 63. Rxb6+ Kxb6 64. Kc3 Be6 65. Kc2 Ba2 66. Kc3 Bd5 67. Kc2 Ba2 68. Kc3 Bf7 69. Kc2 Bg6+ 70. Kb3 Kc5 71. Kxa3 Kd4 72. f4 Bf5 73. Kb4 Ke4 74. Kb5 Kxf4 1/2-1/2


[Site "https://www.chess.com"]

[Event "Titled Tuesday Blitz November 14 Late 2023"]
[White "Bazeev, German"]
[Black "Solon, Nathan"]
[WhiteFideId "24119350"]
[BlackFideId "2017229"]
[WhiteElo "2830"]
[BlackElo "2696"]
[Result "1-0"]
[Round "10"]
[TimeControl "180+1"]
[Date "2023.11.14"]
[WhiteClock "0:00:22"]
[BlackClock "0:00:00"]
[Board "13"]

1. d4 d5 2. Nf3 Nf6 3. c4 c6 4. Qc2 dxc4 5. e4 b5 6. b3 cxb3 7. axb3 e6 8. Bd2 a5 9. Bd3 Na6 10. O-O Nb4 11. Bxb4 Bxb4 12. Qxc6+ Bd7 13. Qc2 O-O 14. Qe2 Qb6 15. Rd1 g6 16. Na3 Rab8 17. Nc2 Bc3 18. Rab1 Rfd8 19. Qe3 b4 20. Qh6 Ng4 21. Qh4 e5 22. h3 Nf6 23. dxe5 Nh5 24. Ne3 Be6 25. Bc4 a4 26. Nd5 Bxd5 27. exd5 a3 28. d6 a2 29. Rbc1 Qa7 30. Ng5 Rf8 31. Qe4 a1=Q 32. Rxa1 Bxa1 33. g4 Ng3 34. Qf3 Bxe5 35. d7 Nf5 36. gxf5 Bf6 37. Nxf7 Rxf7 38. fxg6 Kg7 39. gxf7 Qb6 40. Re1 Ra8 41. Re6 Ra1+ 42. Kg2 Qxe6 43. Bxe6 1-0


[Site "https://www.chess.com"]

[Event "Titled Tuesday Blitz November 14 Late 2023"]
[White "Jovic, Stanoje"]
[Black "Holt, Conrad"]
[WhiteFideId "905020"]
[BlackFideId "2034387"]
[WhiteElo "2564"]
[BlackElo "2805"]
[Result "1/2-1/2"]
[Round "10"]
[TimeControl "180+1"]
[Date "2023.11.14"]
[WhiteClock "0:00:38"]
[BlackClock "0:00:15"]
[Board "15"]

1. c4 c6 2. e4 d5 3. exd5 Nf6 4. dxc6 Nxc6 5. Nf3 e5 6. d3 Bb4+ 7. Nc3 e4 8. dxe4 Qxd1+ 9. Kxd1 Bxc3 10. bxc3 Nxe4 11. Be3 Bf5 12. Kc1 O-O 13. Nd4 Bg6 14. Kb2 Ne5 15. Be2 Nd6 16. c5 Ndc4+ 17. Bxc4 Nxc4+ 18. Kb3 Nxe3 19. fxe3 Rac8 20. Kc4 Rfe8 21. Rhe1 Re5 22. c6 bxc6 23. a4 c5 24. Nb5 Re4+ 25. Kb3 Rb8 26. Ka3 a6 27. Nd6 Rg4 28. g3 h5 29. e4 Rb6 30. Rad1 f6 31. c4 Kh8 32. Re3 Kh7 33. a5 Rc6 34. Rd5 h4 35. gxh4 Rxh4 36. h3 Rf4 37. Kb3 Rf1 38. Rg3 Ra1 39. h4 Rxa5 40. h5 Rb6+ 41. Kc2 Ra2+ 42. Kc1 Ra1+ 43. Kc2 Ra2+ 44. Kc1 Ra1+ 45. Kc2 Ra2+ 1/2-1/2


[Site "https://www.chess.com"]

[Event "Titled Tuesday Blitz November 14 Late 2023"]
[White "Arifarsky"]
[Black "Fiorito, Francisco"]
[BlackFideId "180165"]
[WhiteElo "2752"]
[BlackElo "2618"]
[Result "0-1"]
[Round "10"]
[TimeControl "180+1"]
[Date "2023.11.14"]
[WhiteClock "0:00:04"]
[BlackClock "0:00:18"]
[Board "16"]

1. Nf3 Nf6 2. c4 b6 3. g3 Bb7 4. Bg2 g6 5. O-O Bg7 6. d4 O-O 7. d5 Na6 8. Nc3 Nc5 9. Be3 a5 10. Rc1 e6 11. Bd4 d6 12. Bxc5 bxc5 13. e4 exd5 14. exd5 Re8 15. Re1 Qd7 16. Qb3 Ba6 17. Nd2 Ng4 18. Bh3 f5 19. Bxg4 fxg4 20. Qc2 Be5 21. b3 Rf8 22. a4 Qg7 23. Nb5 Bc8 24. Ne4 Bf5 25. Qd1 h6 26. Re3 Rf7 27. Rc2 Raf8 28. Rce2 g5 29. Qd2 Ra8 30. Nxc5 Bf4 31. gxf4 dxc5 32. fxg5 hxg5 33. Re5 Raf8 34. Qxa5 Bd3 35. Qd2 Bxe2 36. Rxg5 Bf3 37. Rxg7+ Rxg7 38. a5 Re8 39. a6 Rge7 40. Kf1 Rh7 41. Qg5+ Rg7 42. Qxg7+ Kxg7 43. Nxc7 Re2 44. a7 Rd2 0-1


[Site "https://www.chess.com"]

[Event "Titled Tuesday Blitz November 14 Late 2023"]
[White "Ibarra Jerez, Jose Carlos"]
[Black "Djokic, Mihailo"]
[WhiteFideId "2226332"]
[BlackFideId "976440"]
[WhiteElo "2942"]
[BlackElo "2688"]
[Result "1-0"]
[Round "10"]
[TimeControl "180+1"]
[Date "2023.11.14"]
[WhiteClock "0:02:43"]
[BlackClock "0:02:31"]
[Board "17"]

1. Nf3 Nf6 2. g3 g6 3. b3 Bg7 4. Bb2 O-O 5. Bg2 d6 6. d4 e5 7. dxe5 Nfd7 8. Nc3 dxe5 9. Qd2 e4 10. Ng5 Re8 11. Ngxe4 Nc6 12. O-O-O Qe7 13. Nd5 Bxb2+ 14. Kxb2 Qe5+ 15. Qc3 Qxc3+ 16. Kxc3 1-0


[Site "https://www.chess.com"]

[Event "Titled Tuesday Blitz November 14 Late 2023"]
[White "Yeletsky, Ivan"]
[Black "Hambleton, Aman"]
[WhiteFideId "24180327"]
[BlackFideId "2606577"]
[WhiteElo "2887"]
[BlackElo "2718"]
[Result "1-0"]
[Round "10"]
[TimeControl "180+1"]
[Date "2023.11.14"]
[WhiteClock "0:00:05"]
[BlackClock "0:00:02"]
[Board "18"]

1. d4 e5 2. dxe5 Nc6 3. Nf3 Qe7 4. Nc3 Nxe5 5. e4 Nf6 6. Be2 d6 7. O-O g6 8. Bg5 c6 9. Qd2 h6 10. Bh4 Nxf3+ 11. Bxf3 g5 12. Bg3 Nd7 13. Rad1 Ne5 14. Bh5 Be6 15. Ne2 Bg7 16. b3 O-O-O 17. Nd4 Kb8 18. f3 Bc8 19. a4 Ng6 20. Bxg6 fxg6 21. Bf2 g4 22. Rfe1 gxf3 23. Nxf3 g5 24. Qe3 c5 25. b4 Rhe8 26. bxc5 dxc5 27. h3 Rxd1 28. Rxd1 Bd7 29. a5 Bc6 30. e5 Qf8 31. Bg3 Ka8 32. Nd2 Qe7 33. Nc4 Bb5 34. Nd6 Rd8 35. Ra1 Bc6 36. Qxc5 Qe6 37. Bf2 b6 38. axb6 Bb7 39. Rxa7+ Kb8 40. Qc7# 1-0


[Site "https://www.chess.com"]

[Event "Titled Tuesday Blitz November 14 Late 2023"]
[White "Rustemov, Alexander"]
[Black "Ahmad, Khagan"]
[WhiteFideId "4119002"]
[BlackFideId "13431552"]
[WhiteElo "2849"]
[BlackElo "2653"]
[Result "0-1"]
[Round "10"]
[TimeControl "180+1"]
[Date "2023.11.14"]
[WhiteClock "0:00:13"]
[BlackClock "0:00:04"]
[Board "19"]

1. d4 Nf6 2. Bg5 e6 3. e3 d5 4. Nd2 c5 5. c3 Nc6 6. f4 h6 7. Bh4 Be7 8. Bd3 O-O 9. Ngf3 Ng4 10. Bxe7 Nxe7 11. Qe2 Nf5 12. Nf1 Qc7 13. h3 Ngxe3 14. Nxe3 Ng3 15. Qf2 Nxh1 16. Qh4 cxd4 17. cxd4 Qd8 18. Qxd8 Rxd8 19. Nf1 Bd7 20. Ke2 Rac8 21. g4 a6 22. a4 Rc7 23. Ne5 Rdc8 24. Kf3 Be8 25. Kg2 Rc1 26. Ra3 b5 27. a5 b4 28. Rb3 Bb5 29. Bxb5 axb5 30. Ne3 Ra1 31. Rxb4 Rcc1 32. Rxb5 Rg1+ 33. Kf3 Ng3 34. Rb8+ Kh7 35. Nxf7 Ne4 36. f5 exf5 37. gxf5 g5 38. fxg6+ Kxg6 39. Ne5+ Kh5 40. Nxd5 Ng5+ 41. Ke2 Rge1+ 42. Kd3 Rad1+ 43. Kc4 Ne6 44. Nf6+ Kg5 45. Nh7+ Kf5 46. Nc6 Rc1+ 47. Kd5 Nf4+ 48. Kd6 Re6+ 49. Kd7 Rcxc6 50. b4 Rcd6+ 51. Kc7 Nd5+ 52. Kb7 Re7+ 53. Ka8 Nc7+ 54. Kb7 Nb5+ 55. Ka8 Ra7# 0-1


[Site "https://www.chess.com"]

[Event "Titled Tuesday Blitz November 14 Late 2023"]
[White "Omelja, Artem"]
[Black "Troff, Kayden"]
[WhiteFideId "14119846"]
[BlackFideId "2047896"]
[WhiteElo "2603"]
[BlackElo "2819"]
[Result "0-1"]
[Round "10"]
[TimeControl "180+1"]
[Date "2023.11.14"]
[WhiteClock "0:00:00"]
[BlackClock "0:00:07"]
[Board "20"]

1. e4 c5 2. Nf3 g6 3. d4 cxd4 4. Nxd4 Bg7 5. c4 Qb6 6. Nb5 Nf6 7. N1c3 a6 8. Be3 Qa5 9. b4 Qxb4 10. Nc7+ Kf8 11. Bd2 Ra7 12. N3d5 Qc5 13. Bb4 Qc6 14. Bxe7+ Kg8 15. Bxf6 Bxf6 16. Ne8 Bd8 17. Qd4 f6 18. Qxa7 Kf7 19. Qxb8 Ba5+ 20. Ke2 Rxe8 21. Kf3 d6 22. Qa7 f5 23. Qd4 Re5 24. Bd3 Bd8 25. Ke2 fxe4 26. Bxe4 Bf5 27. f3 b5 28. Kf2 bxc4 29. Rac1 Be6 30. Rxc4 Qb5 31. Rhc1 Bxd5 32. Bxd5+ Rxd5 33. Qf4+ Rf5 34. Qd2 Bb6+ 35. Kf1 d5 36. a4 Qd7 37. R4c2 Re5 38. Qd3 Be3 39. Re2 d4 40. Rcc2 Re7 41. Re1 Qd6 42. Qc4+ Kg7 43. Qd3 Qxh2 44. Ke2 Qxg2+ 45. Kd1 Qxf3+ 46. Qe2 Qd5 47. Qd3 Rb7 48. Ke2 Qg2+ 0-1


[Site "https://www.chess.com"]

[Event "Titled Tuesday Blitz November 14 Late 2023"]
[White "Ghasi, Ameet K"]
[Black "Ozates, Tuna"]
[WhiteFideId "409200"]
[BlackFideId "6354521"]
[WhiteElo "2803"]
[BlackElo "2575"]
[Result "1-0"]
[Round "10"]
[TimeControl "180+1"]
[Date "2023.11.14"]
[WhiteClock "0:00:42"]
[BlackClock "0:00:01"]
[Board "21"]

1. g3 c5 2. Bg2 Nc6 3. d3 g6 4. a3 Bg7 5. h4 h5 6. Nh3 d6 7. Ng5 e5 8. c4 Nge7 9. Nc3 O-O 10. Rb1 a5 11. Bd2 Rb8 12. O-O f6 13. Nge4 Be6 14. Nb5 Nf5 15. b4 cxb4 16. axb4 axb4 17. Rxb4 Nxb4 18. Bxb4 Rf7 19. Nbxd6 Nxd6 20. Nxd6 Rd7 21. Ne4 b6 22. Qa4 Kh7 23. Qc6 Bg4 24. Re1 Rc7 25. Qa4 Bd7 26. Qb3 Ra7 27. Nc3 Be6 28. Nb5 Rd7 29. Bc6 g5 30. hxg5 fxg5 31. Qc2 Rf7 32. d4+ Bf5 33. Be4 Bxe4 34. Qxe4+ Kg8 35. dxe5 Bf8 36. e6 Rg7 37. Bc3 Rbb7 38. Nd4 Bc5 39. Nf5 h4 40. Bxg7 Rxg7 41. Ra1 hxg3 42. Ra8 gxf2+ 43. Kg2 1-0


[Site "https://www.chess.com"]

[Event "Titled Tuesday Blitz November 14 Late 2023"]
[White "mind1mover"]
[Black "elmusmolamas"]
[WhiteElo "2801"]
[BlackElo "2538"]
[Result "1-0"]
[Round "10"]
[TimeControl "180+1"]
[Date "2023.11.14"]
[WhiteClock "0:00:32"]
[BlackClock "0:00:00"]
[Board "22"]

1. d4 d5 2. c4 c6 3. cxd5 cxd5 4. Bf4 Nc6 5. e3 Nf6 6. Bb5 e6 7. Nc3 Bd6 8. Nge2 O-O 9. O-O Ne7 10. Bd3 Ng6 11. Bxd6 Qxd6 12. f4 a6 13. a3 b5 14. Kh1 Bd7 15. Ng1 Rab8 16. Nf3 a5 17. Ne5 b4 18. axb4 axb4 19. Ra6 Rb6 20. Rxb6 Qxb6 21. Ne2 Bb5 22. Ng3 Qa6 23. f5 exf5 24. Nxf5 Bxd3 25. Qxd3 Qe6 26. Nf3 Ne4 27. Ng3 Nxg3+ 28. hxg3 Re8 29. Re1 Qd6 30. Qb5 Kf8 31. Qc5 Qxc5 32. dxc5 Rc8 33. Rc1 Ke7 34. Nd4 Ne5 35. Nf5+ Kf6 36. Nd6 Rc6 37. e4 Ke6 38. Nb5 dxe4 39. Nd4+ Kd5 40. Nxc6 Kxc6 41. Kg1 f5 42. b3 h5 43. Rc2 Nd3 44. Rc4 g6 45. Kf1 g5 46. Ke2 1-0


[Site "https://www.chess.com"]

[Event "Titled Tuesday Blitz November 14 Late 2023"]
[White "Brodsky, David"]
[Black "Willy, Stephen"]
[WhiteFideId "2073250"]
[BlackFideId "30981468"]
[WhiteElo "2790"]
[BlackElo "2496"]
[Result "1-0"]
[Round "10"]
[TimeControl "180+1"]
[Date "2023.11.14"]
[WhiteClock "0:02:22"]
[BlackClock "0:01:25"]
[Board "23"]

1. d4 d5 2. Nf3 Nf6 3. c4 e6 4. Nc3 dxc4 5. e4 Bb4 6. Bxc4 Nxe4 7. O-O Nf6 8. Qa4+ Nc6 9. Ne5 Bxc3 10. Nxc6 Bd7 11. Nxd8 Bxa4 12. Nxe6 Ba5 13. Nxg7+ Kf8 14. Nf5 Ne8 15. Bh6+ 1-0


[Site "https://www.chess.com"]

[Event "Titled Tuesday Blitz November 14 Late 2023"]
[White "Saya, Ethan"]
[Black "Dourerassou, Jonathan"]
[WhiteFideId "26095181"]
[BlackFideId "628050"]
[WhiteElo "2463"]
[BlackElo "2787"]
[Result "0-1"]
[Round "10"]
[TimeControl "180+1"]
[Date "2023.11.14"]
[WhiteClock "0:00:03"]
[BlackClock "0:00:20"]
[Board "24"]

1. d4 Nf6 2. c4 g6 3. g3 Bg7 4. Bg2 O-O 5. Nc3 d6 6. Nf3 Nbd7 7. O-O c5 8. b3 a6 9. Bb2 cxd4 10. Nxd4 Nc5 11. Rc1 Rb8 12. Qd2 Bd7 13. Rfd1 b5 14. Nd5 bxc4 15. Nxf6+ Bxf6 16. Rxc4 Qb6 17. e3 Rfc8 18. Ne2 Bxb2 19. Qxb2 Bb5 20. Rh4 Nd3 21. Qd4 Ne5 22. Qxb6 Rxb6 23. Nd4 Bd7 24. Bh3 f5 25. Bf1 Kg7 26. Be2 g5 27. Rh5 h6 28. f4 Nf7 29. fxg5 hxg5 30. g4 fxg4 31. Rf1 Kg6 32. Rh7 Kxh7 33. Rxf7+ Kg8 34. Rxe7 Bb5 35. Bxg4 Rc1+ 36. Kf2 d5 37. Be6+ Kh8 38. Bxd5 Rf6+ 39. Kg3 Rg1+ 40. Kh3 Rh6# 0-1


[Site "https://www.chess.com"]

[Event "Titled Tuesday Blitz November 14 Late 2023"]
[White "Jamal-Jamal-Jamal"]
[Black "Djordjevic, Vuk"]
[BlackFideId "902098"]
[WhiteElo "2471"]
[BlackElo "2770"]
[Result "1-0"]
[Round "10"]
[TimeControl "180+1"]
[Date "2023.11.14"]
[WhiteClock "0:00:35"]
[BlackClock "0:00:00"]
[Board "25"]

1. e4 e6 2. d4 d5 3. Nd2 Be7 4. Ngf3 Nf6 5. e5 Nfd7 6. Bd3 c5 7. c3 b6 8. O-O Ba6 9. Ne1 Qc8 10. Qg4 g6 11. Ndf3 Nc6 12. h4 h5 13. Qg3 cxd4 14. cxd4 Nb4 15. Bxa6 Qxa6 16. Bg5 Nc6 17. Rc1 Rc8 18. a3 Qe2 19. Nc2 Qe4 20. Rfe1 Bxg5 21. Qxg5 Qd3 22. Nb4 Qb5 23. Nxc6 Rxc6 24. Rxc6 Qxc6 25. Rc1 Qb7 26. Ne1 O-O 27. Nd3 Rc8 28. Kh2 Nf8 29. Qd2 Rc7 30. Rc3 Qc8 31. Rxc7 Qxc7 32. g3 Nd7 33. Nf4 Qc4 34. Nh3 Qb3 35. Ng5 f6 36. Nxe6 fxe5 37. Qg5 Kf7 38. Nd8+ Ke8 39. Nc6 Kf7 40. Qe7+ Kg8 41. Qxd7 Qxb2 42. Qxd5+ Kh7 43. Qf7+ Kh6 44. Nxe5 1-0


[Site "https://www.chess.com"]

[Event "Titled Tuesday Blitz November 14 Late 2023"]
[White "Zeltsan, Joseph"]
[Black "Gurevich, Dmitry"]
[WhiteFideId "30932980"]
[BlackFideId "2000407"]
[WhiteElo "2733"]
[BlackElo "2460"]
[Result "0-1"]
[Round "10"]
[TimeControl "180+1"]
[Date "2023.11.14"]
[WhiteClock "0:00:07"]
[BlackClock "0:00:14"]
[Board "26"]

1. e4 c5 2. Nf3 d6 3. d4 cxd4 4. Nxd4 Nf6 5. Nc3 Nc6 6. Bg5 e6 7. Qd2 Be7 8. O-O-O O-O 9. f4 h6 10. h4 Nxd4 11. Qxd4 Qa5 12. Kb1 e5 13. Qf2 exf4 14. Bxf4 Be6 15. a3 Rac8 16. Bd2 Rxc3 17. Bxc3 Nxe4 18. Qd4 Nxc3+ 19. Qxc3 Qxc3 20. bxc3 Rc8 21. Rd3 Bf6 22. Rxd6 Rxc3 23. Rd3 Rc6 24. g3 Bf5 25. Rd2 Rb6+ 26. Kc1 Bb2+ 27. Kd1 Bxa3 28. Rd8+ Kh7 29. Kd2 Bb4+ 30. c3 Be7 31. Re8 Bf6 32. Bd3 Rd6 33. Re3 h5 34. Kc2 Bxd3+ 35. Rxd3 Rc6 36. Re1 b5 37. Re4 a5 38. Kd2 a4 39. Ree3 a3 40. Rd5 a2 0-1


[Site "https://www.chess.com"]

[Event "Titled Tuesday Blitz November 14 Late 2023"]
[White "Schnaider, Ilan"]
[Black "Melikhov, Evgeny V."]
[WhiteFideId "169013"]
[BlackFideId "4122046"]
[WhiteElo "2724"]
[BlackElo "2433"]
[Result "1-0"]
[Round "10"]
[TimeControl "180+1"]
[Date "2023.11.14"]
[WhiteClock "0:01:29"]
[BlackClock "0:00:11"]
[Board "27"]

1. e4 e5 2. Nf3 Nc6 3. d4 exd4 4. Nxd4 Bc5 5. Nb3 Bb6 6. Nc3 Nf6 7. Bg5 h6 8. Bh4 d6 9. Bc4 Ne5 10. Be2 Ng6 11. Bg3 O-O 12. Qd3 Re8 13. O-O Qe7 14. Bf3 Ne5 15. Bxe5 Qxe5 16. Nd2 Qd4 17. Qxd4 Bxd4 18. Nb5 Bb6 19. Nc4 Re7 20. a4 Be6 21. Nxb6 axb6 22. b3 Rd8 23. a5 bxa5 24. Rxa5 c6 25. Nd4 d5 26. exd5 Bxd5 27. Nf5 Re5 28. Ne3 b6 29. Ra6 Bxf3 30. gxf3 Rg5+ 31. Kh1 Nd5 32. Nxd5 Rdxd5 33. Rxb6 Rc5 34. c4 Rcf5 35. Rxc6 Rxf3 36. b4 Rh5 37. Kg2 Rf4 38. b5 Rg5+ 39. Kh1 Rh4 40. b6 Rgh5 41. b7 Rxh2+ 42. Kg1 Rh1+ 43. Kg2 R1h2+ 44. Kf3 R2h3+ 45. Ke2 Rb3 46. Rc8+ Kh7 47. b8=Q 1-0


[Site "https://www.chess.com"]

[Event "Titled Tuesday Blitz November 14 Late 2023"]
[White "reevecanada"]
[Black "Djordjevic, Dejan N"]
[BlackFideId "913316"]
[WhiteElo "2658"]
[BlackElo "2110"]
[Result "0-1"]
[Round "10"]
[TimeControl "180+1"]
[Date "2023.11.14"]
[WhiteClock "0:00:15"]
[BlackClock "0:00:08"]
[Board "28"]

1. e4 c5 2. Nf3 Nc6 3. Bb5 g6 4. Bxc6 dxc6 5. d3 Bg7 6. Nc3 e5 7. Be3 b6 8. Qd2 Qc7 9. h4 h6 10. O-O-O Nf6 11. h5 g5 12. Rdg1 Ng4 13. Ne2 Be6 14. a3 O-O-O 15. Qc3 f5 16. Bd2 Nxf2 17. exf5 Bxf5 18. Ng3 Bh7 19. Qb3 Nxh1 20. Nxh1 Rhe8 21. Nf2 e4 22. dxe4 Bxe4 23. Re1 Bd5 24. Qa4 Kb7 25. Qg4 Bxf3 26. gxf3 Rxe1+ 27. Bxe1 Qf4+ 28. Qxf4 gxf4 29. Nd3 Rf8 30. Bd2 Rf5 31. Nxf4 c4 32. c3 Bf6 33. Ne2 Rxh5 34. Ng3 Rh3 35. Ne4 Rxf3 36. Bxh6 Be5 37. Kd1 a5 38. Ke2 Rh3 39. Bd2 Ka6 40. a4 Rh1 41. Nf2 Rb1 42. Nd1 Ra1 43. Be3 Rxa4 44. Kd2 Ra1 45. Kc2 a4 46. Bc1 b5 47. Nf2 c5 48. Ne4 Kb6 49. Be3 Re1 50. Kd2 Rxe3 51. Kxe3 b4 52. Kd2 Kc6 53. Kc2 Kd5 54. Nd2 Bf4 55. Nb1 Be3 56. Kd1 Ke4 57. Kc2 Bf4 58. cxb4 cxb4 59. Nc3+ bxc3 60. Kxc3 Kd5 61. Kb4 Be5 62. Kxa4 Bxb2 0-1


[Site "https://www.chess.com"]

[Event "Titled Tuesday Blitz November 14 Late 2023"]
[White "Pakleza, Zbigniew"]
[Black "Janaszak, Dawid"]
[WhiteFideId "1119290"]
[BlackFideId "1119206"]
[WhiteElo "2797"]
[BlackElo "2582"]
[Result "1-0"]
[Round "10"]
[TimeControl "180+1"]
[Date "2023.11.14"]
[WhiteClock "0:00:03"]
[BlackClock "0:00:01"]
[Board "29"]

1. d4 d5 2. Nf3 g6 3. Bf4 Bg7 4. e3 Nf6 5. h3 O-O 6. c3 Nbd7 7. Nbd2 c5 8. Be2 cxd4 9. cxd4 Nb8 10. O-O Nc6 11. Rc1 h6 12. a3 Ne4 13. b4 Nxd2 14. Qxd2 e6 15. b5 Ne7 16. Qb4 Nf5 17. Rc3 Re8 18. Rfc1 Bf8 19. Qa4 Nd6 20. Ne5 Ne4 21. R3c2 g5 22. Bh2 Bd6 23. f3 Nf6 24. Kf2 Kg7 25. g4 Ng8 26. Bg3 Qe7 27. b6 a6 28. Rc7 Bxc7 29. Rxc7 Qf6 30. Rxf7+ Qxf7 31. Nxf7 Kxf7 32. Bd3 Nf6 33. Be5 Bd7 34. Qb4 Rac8 35. Bc7 Bc6 36. h4 Nd7 37. hxg5 hxg5 38. Qd6 Rh8 39. e4 Rce8 40. exd5 exd5 41. Bf5 Re7 42. Qg6+ Kf8 43. Qxg5 Rh2+ 44. Kg3 Ree2 45. Bd6+ 1-0


[Site "https://www.chess.com"]

[Event "Titled Tuesday Blitz November 14 Late 2023"]
[White "Maksimovic, Bojan"]
[Black "Prithu Gupta"]
[WhiteFideId "14408120"]
[BlackFideId "46618546"]
[WhiteElo "2776"]
[BlackElo "2581"]
[Result "1-0"]
[Round "10"]
[TimeControl "180+1"]
[Date "2023.11.14"]
[WhiteClock "0:01:24"]
[BlackClock "0:00:00"]
[Board "30"]

1. a3 e5 2. e4 Nf6 3. Nc3 d5 4. exd5 Nxd5 5. Qh5 Nc6 6. Bb5 Nxc3 7. Qxe5+ Be7 8. Qxc3 O-O 9. Bxc6 Bf6 10. Qf3 bxc6 11. Ne2 Qd5 12. Qxd5 cxd5 13. d4 Ba6 14. Be3 Rab8 15. b4 Rfe8 16. c3 Bg5 17. Kd2 Rb6 18. Rae1 Rbe6 19. Ng3 Bxe3+ 20. Rxe3 g6 21. Rhe1 1-0


[Site "https://www.chess.com"]

[Event "Titled Tuesday Blitz November 14 Late 2023"]
[White "MKlose11"]
[Black "Likvidator228"]
[WhiteElo "2679"]
[BlackElo "2572"]
[Result "1/2-1/2"]
[Round "10"]
[TimeControl "180+1"]
[Date "2023.11.14"]
[WhiteClock "0:00:18"]
[BlackClock "0:00:05"]
[Board "31"]

1. e4 c5 2. Nc3 g6 3. g3 Bg7 4. d3 Nc6 5. Be3 d6 6. Qd2 h5 7. h3 e6 8. Bg2 Nge7 9. Nge2 Nd4 10. O-O Rb8 11. Nd1 b5 12. c3 Nxe2+ 13. Qxe2 b4 14. Qd2 bxc3 15. bxc3 O-O 16. Bh6 Ba6 17. Bxg7 Kxg7 18. Re1 e5 19. Ne3 Qa5 20. f4 f6 21. h4 Qb5 22. Nc4 Qd7 23. Ne3 Qb5 24. d4 cxd4 25. cxd4 Qb4 26. Qxb4 Rxb4 27. dxe5 dxe5 28. Rac1 Rb7 29. Rc5 exf4 30. gxf4 Rd7 31. Ra5 Bd3 32. Rd1 Rfd8 33. Kf2 Nc6 34. Rc5 Ne7 35. Bf3 Kf7 36. Rd2 Ba6 37. Rxd7 Rxd7 38. Ra5 Bd3 39. Nd5 Nxd5 40. exd5 Ke7 41. Ke3 Bf1 42. Kd4 Kd6 43. Be4 f5 44. Bf3 Rb7 45. a3 Rc7 46. Ra4 Rb7 47. Ra5 Rc7 48. Ke3 Rc3+ 49. Kf2 Bc4 50. Bh1 Rd3 51. Ke1 Bxd5 52. Ra6+ Kc5 53. Bxd5 Kxd5 54. Rxa7 Ke4 55. Ra4+ Kf3 56. Ra6 Kxf4 57. a4 Kg4 58. Rxg6+ Kxh4 59. a5 Ra3 60. a6 f4 61. Kf2 Kh3 62. Rf6 Kg4 63. Rh6 h4 64. Rg6+ Kf5 65. Rb6 Kg4 66. Rg6+ Kf5 67. Rb6 h3 68. Kg1 Kg4 69. Kh2 Ra2+ 70. Kh1 Kg3 71. Rg6+ Kf3 72. Rb6 Kg4 73. Rg6+ Kh5 74. Rb6 Kh4 75. Rf6 Kg4 76. Rg6+ Kf5 77. Rb6 Ke4 78. Rb4+ Kf5 79. Rb5+ Kg6 80. Rb6+ Kg5 81. Rc6 Kg4 82. Rg6+ 1/2-1/2


[Site "https://www.chess.com"]

[Event "Titled Tuesday Blitz November 14 Late 2023"]
[White "Ambartsumova, Karina"]
[Black "Chylewski, Patryk"]
[WhiteFideId "4166299"]
[BlackFideId "1186191"]
[WhiteElo "2646"]
[BlackElo "2565"]
[Result "0-1"]
[Round "10"]
[TimeControl "180+1"]
[Date "2023.11.14"]
[WhiteClock "0:00:00"]
[BlackClock "0:00:06"]
[Board "32"]

1. d4 Nf6 2. c4 g6 3. g3 d5 4. cxd5 Nxd5 5. Bg2 Bg7 6. Nc3 Nxc3 7. bxc3 O-O 8. Nf3 c5 9. O-O Nc6 10. e3 Qc7 11. Qe2 b6 12. Bb2 Bb7 13. Rac1 Na5 14. c4 e6 15. h4 Rfd8 16. h5 Rac8 17. dxc5 Qxc5 18. Bxg7 Kxg7 19. Qb2+ Kg8 20. Ne5 Bxg2 21. Kxg2 Nc6 22. Ng4 e5 23. Rh1 Qe7 24. hxg6 hxg6 25. Qb5 Qe6 26. Nh2 Kg7 27. Nf3 f6 28. Rcd1 Ne7 29. Rxd8 Rxd8 30. Rc1 Qc6 31. Qxc6 Nxc6 32. c5 b5 33. Rc2 Kf7 34. g4 Ke6 35. Nd2 f5 36. gxf5+ gxf5 37. Nf3 a5 38. Rb2 b4 39. Rc2 Rd3 40. Ng5+ Kd5 41. Nf3 a4 42. Ne1 Rd1 43. Nf3 b3 44. axb3 axb3 45. Rb2 Kc4 46. Nd2+ Rxd2 47. Rxd2 Kc3 0-1


[Site "https://www.chess.com"]

[Event "Titled Tuesday Blitz November 14 Late 2023"]
[White "Sakun, Volodymyr"]
[Black "Weimarraner"]
[WhiteFideId "14114062"]
[WhiteElo "2619"]
[BlackElo "2553"]
[Result "1/2-1/2"]
[Round "10"]
[TimeControl "180+1"]
[Date "2023.11.14"]
[WhiteClock "0:00:08"]
[BlackClock "0:00:18"]
[Board "33"]

1. c4 Nf6 2. Nc3 g6 3. e4 d6 4. d4 Bg7 5. Nf3 O-O 6. Be2 c5 7. d5 e6 8. h3 exd5 9. exd5 Re8 10. O-O Ne4 11. Nxe4 Rxe4 12. Bd3 Re8 13. Bg5 Qb6 14. Rb1 Na6 15. Qa4 Nc7 16. Rfe1 Kf8 17. Bd2 Qa6 18. Rxe8+ Nxe8 19. Qxa6 bxa6 20. Ba5 Rb8 21. b3 h6 22. Re1 Bd7 23. Nd2 f5 24. f4 Kf7 25. Nf3 Rb7 26. Kf2 Nf6 27. Ne5+ dxe5 28. fxe5 Ne4+ 29. Bxe4 Bxe5 30. Bf3 Bd6 31. Bc3 Rb8 32. g4 Re8 33. Rxe8 Kxe8 34. Bd2 g5 35. Ke2 Kf7 36. Be3 Kf6 37. b4 cxb4 38. c5 Be5 39. c6 Bc8 40. Bc5 fxg4 41. Bxg4 Bxg4+ 42. hxg4 a5 43. d6 Ke6 44. c7 Kd7 45. Kd3 Bf4 46. Kc4 h5 47. Kb5 hxg4 48. Kxa5 g3 49. Kxb4 g2 50. Kc4 Bxd6 51. Bg1 Bxc7 52. Bxa7 Bb6 53. Bxb6 Kc6 54. Bg1 Kb7 55. Kd3 Ka8 56. Ke2 Kb7 57. Kf3 Ka8 58. Kg4 Kb7 59. Kg3 Ka8 60. Kf3 Kb7 61. Kg3 Ka8 62. Kf3 Kb7 63. Bf2 Ka8 64. Ke2 Kb7 65. Bg1 Ka8 66. Kd2 Kb7 67. Kc3 Ka8 68. Kb3 Kb7 69. a4 Ka8 70. Kb4 Kb7 71. a5 Ka8 72. Kb5 g4 73. a6 Kb8 74. Kb6 Ka8 75. Ka5 Kb8 76. Kb5 Ka8 77. Ka5 Kb8 78. Kb4 Ka8 79. Kc4 Kb8 80. Kd5 Ka8 81. Ke4 Kb8 82. Kf5 Ka8 83. Kxg4 Kb8 84. Kf5 Ka8 85. Ke6 Kb8 86. Kd5 Ka8 87. Kc5 Kb8 88. Kb5 Ka8 89. Bf2 Kb8 90. Kc6 Ka8 91. Kc7 g1=Q 92. Bxg1 1/2-1/2


[Site "https://www.chess.com"]